 Dungeon Crawl Stone Soup version 0.28-a0-1412-gf95308ed99 (webtiles) character file.

Game seed: 6416317350472829397

71 gimp the Magician (level 4, -3/30 HPs)
             Began as a Mummy Wanderer on Jan 6, 2022.
             Slain by Ijyb (4 damage)
             ... on level 3 of the Dungeon.
             The game lasted 00:03:30 (1579 turns).

gimp the Magician (Mummy Wanderer)                  Turns: 1579, Time: 00:03:30

Health: -3/30      AC:  3    Str: 14    XL:     4   Next: 5%
Magic:  2/10       EV: 11    Int: 16    God:
Gold:   51         SH:  0    Dex:  9    Spells: 11/12 levels left

rFire   x . .      SeeInvis .   a - +2 dagger (protect)
rCold   + . .      Faith    .   (no shield)
rNeg    + + +      Spirit   .   b - +0 robe
rPois   ∞          Reflect  .   (no helmet)
rElec   .          Harm     .   (no cloak)
rCorr   .          Rampage  .   e - +0 pair of gloves
Will    .....                   (no boots)
Stlth   +.........              (no amulet)
HPRegen 0.10/turn               (no ring)
MPRegen 0.12/turn               (no ring)

@: no status effects
A: cold resistance 1, negative energy resistance 3, torment resistance 2, heat
vulnerability 1, no potions
a: no special abilities


You were on level 3 of the Dungeon.
You visited 1 branch of the dungeon, and saw 3 of its levels.

You collected 51 gold pieces.

Inventory:

Hand Weapons
 a - a +2 dagger of protection (weapon)
Armour
 b - a +0 robe (worn)
 e - a +0 pair of gloves (worn)
Scrolls
 d - 2 scrolls of blinking {unknown}
 f - a scroll of identify {unknown}
 g - a scroll of teleportation {unknown}
Miscellaneous
 c - a piece from Xom's chessboard (14/15) (quivered)


   Skills:
 + Level 4.8 Spellcasting
 * Level 3.1 Ice Magic
 - Level 1.5 Poison Magic
 - Level 2.4 Evocations


You had 11 spell levels left.
You knew the following spells:

 Your Spells              Type           Power      Damage    Failure   Level
a - Freeze                Ice            52%        1d7       4%          1

Your spell library contained the following spells:

 Spells                   Type           Power      Damage    Failure   Level
 Sting                    Tmut/Pois      24%        1d4       12%         1
 Mephitic Cloud           Conj/Pois/Air  5%         N/A       36%         3
 Hailstorm                Conj/Ice       8%         3d4       63%         4
 Summon Ice Beast         Ice/Summ       8%         N/A       63%         4


Dungeon Overview and Level Annotations

Branches:
Dungeon (2/15)

Altars:

Annotations:
D:3 Ijyb


Innate Abilities, Weirdness & Mutations

You are immune to poison.
Your flesh is cold resistant. (rC+)
You are immune to negative energy. (rN+++)
You are immune to unholy pain and torment.
You are vulnerable to heat. (rF-)
You do not drink.


Message History

The orc closely misses you. Ijyb misses you.
You now have 4/10 mp.
Casting: Freeze (safe; 4% risk of failure)
Confirm with . or Enter, or press ? or * to list all spells.
Aiming: Freeze (safe; 4% risk of failure)
Press: ? - help, Shift-Dir - straight line, f/p - Ijyb
Aim: Ijyb, wielding a +3 dagger of protection, wearing a +0 ring mail and carrying a wand of iceblast (11) (lightly wounded)
You freeze Ijyb.
Ijyb is moderately wounded.
The orc misses you.
Ijyb hits you with a +3 dagger of protection.
You take 3 damage, and have 14/30 hp.
You now have 3/10 mp.
You make a move on Xom's chessboard...
Ijyb seems to speed up.
Ijyb hits you with a +3 dagger of protection.
The orc misses you.
You take 3 damage, and have 11/30 hp.
Casting: Freeze (safe; 4% risk of failure)
Confirm with . or Enter, or press ? or * to list all spells.
Aiming: Freeze (safe; 4% risk of failure)
Press: ? - help, Shift-Dir - straight line, f/p - Ijyb
Aim: Ijyb, wielding a +3 dagger of protection, wearing a +0 ring mail and carrying a wand of iceblast (11) (moderately wounded, fast)
You freeze Ijyb.
Ijyb is moderately wounded.
Ijyb hits you with a +3 dagger of protection.
The orc hits you from afar with a +0 trident!
* * * LOW HITPOINT WARNING * * *
Ijyb hits you with a +3 dagger of protection.
* * * LOW HITPOINT WARNING * * *
You take 10 damage, and have 1/30 hp.
MASSIVE DAMAGE!!
You now have 3/10 mp.
You can't drink.
Unknown command.
Casting: Freeze (safe; 4% risk of failure)
Confirm with . or Enter, or press ? or * to list all spells.
Aiming: Freeze (safe; 4% risk of failure)
Press: ? - help, Shift-Dir - straight line, f/p - Ijyb
Aim: Ijyb, wielding a +3 dagger of protection, wearing a +0 ring mail and carrying a wand of iceblast (11) (moderately wounded, fast)
You freeze Ijyb.
Ijyb is heavily wounded.
Ijyb hits you with a +3 dagger of protection.
You die...

........#..........
.......#..........
#..............
#####...###...#....
#.....#.##..#......
#...†.#.##......###
#.##..#w##..#...###
...######w.#.##.........
.......@go..............
.##.######†#.##)#..#####
#......#.........|
+..............#..
#...#######....... #g..#
#...#... #...# ...$#.#.
#.... .....# . #.w.w
...### .


You could see Ijyb (fast), a worm and an orc.

Vanquished Creatures
  An orc priest (D:3)
  An adder (D:3)
  A worm (D:3)
  An orc (D:3)
  5 endoplasms
  A giant cockroach (D:2)
  4 goblins
  3 hobgoblins
  2 kobolds (D:1)
  A quokka (D:1)
  2 ball pythons
  3 bats
  A frilled lizard (D:1)
  3 rats
29 creatures vanquished.

Notes
Turn   | Place    | Note
-------+----------+-------------------------------------------
     0 | D:1      | gimp the Mummy Wanderer began the quest for the Orb.
     0 | D:1      | gimp set off with the following items: a +0 club, a +0
                  | robe, a piece from Xom's chessboard (15/15); and the
                  | following spells available to memorise: Freeze, Sting,
                  | Mephitic Cloud, Hailstorm, Summon Ice Beast
     0 | D:1      | Reached XP level 1. HP: 13/13 MP: 5/5
     4 | D:1      | Learned a level 1 spell: Freeze
   285 | D:1      | Reached XP level 2. HP: 9/19 MP: 1/7
  1316 | D:2      | Found a faded altar of an unknown god.
  1374 | D:2      | You fall into a shaft and drop 1 floor!
  1438 | D:3      | Reached XP level 3. HP: 24/24 MP: 0/8
  1547 | D:3      | Reached XP level 4. HP: 24/30 MP: 2/10
  1564 | D:3      | Noticed Ijyb
  1578 | D:3      | HP: 1/30 [Ijyb (1)]
  1579 | D:3      | Slain by Ijyb

Illustrated notes

Levels and vault maps discovered:
D:1:      erik_arrival_orb_chamber, layout_rooms, minivault_27,
          supply_closet_lemuel, grunt_decor_cap, dk_noncrumbling_3
D:2:      layout_basic, hellmonk_ecumenical_altar_pennies_from_heaven,
          uniq_crazy_yiuf_cottage
D:3:      layout_basic, minivault_5, kennysheep_cross_bottleneck, uniq_ijyb,
          uniq_jessica, uniq_natasha

Skill      XL: |  1  2  3 |
---------------+----------+-----
Ice Magic      | 2 3 |  3.1
Spellcasting   | |  4.8
Poison Magic   | |  1.5
Evocations     | |  2.4

Action                   |  1- 3 |  4- 6 || total
-------------------------+-------+-------++-------
Melee: Dagger            |    37 |     4 ||    41
       Unarmed           |     1 |       ||     1
 Cast: Freeze            |    39 |     4 ||    43
Evoke: Piece from Xom's  |       |     1 ||     1
Armor: Robe              |    23 |       ||    23
Dodge: Dodged            |    47 |     8 ||    55

Table legend: (Time is in decaauts)
 A = Elapsed time spent in this place.
 B = Non-inter-level travel time spent in this place.
 C = Inter-level travel time spent in this place.
 D = Time resting spent in this place.
 E = Time spent auto-exploring this place.
 F = Levels seen in this place.
 G = Mean time per level.
                   A        B        C        D        E       F      G
               +--------+--------+--------+--------+--------+-----+--------+
         Total |   1579 |   1554 |     25 |     11 |   1274 |   3 |  526.3 |
       Dungeon |   1579 |   1554 |     25 |     11 |   1274 |   3 |  526.3 |
               +--------+--------+--------+--------+--------+-----+--------+

Top non-repeatable levels by time:
     D:1: 868 daAuts
     D:2: 506 daAuts
     D:3: 204 daAuts
